 Dungeon Crawl Stone Soup version 0.23-a0-319-gb40ba49 (webtiles) character file.

1544 Garbasso the Chopper (level 8, -2/64 HPs)
             Began as a Demonspawn Fighter on Oct 14, 2018.
             Was a Believer of Makhleb.
             Killed from afar by an electric eel (11 damage)
             ... with a bolt of electricity
             ... on level 6 of the Dungeon.
             The game lasted 00:25:34 (8110 turns).

Garbasso the Chopper (Demonspawn Fighter)           Turns: 8110, Time: 00:25:34

Health: -2/64      AC:  7    Str: 21    XL:     8   Next: 56%
Magic:  8/8        EV:  7    Int: 10    God:    Makhleb [**....]
Gold:   437        SH: 11    Dex: 16    Spells: 7/7 levels left

rFire    . . .     SeeInvis +   a - +1 war axe
rCold    . . .     Gourm    .   c - +1 shield
rNeg     . . .     Faith    .   g - +0 scale mail
rPois    .         Spirit   .   (helmet restricted)
rElec    .         Reflect  .   m - +0 cloak
rCorr    .         Harm     .   (no gloves)
MR       .....                  (no boots)
Stlth    +.........             (no amulet)
HPRegen  0.20/turn              r - +2 ring of strength
MPRegen  0.11/turn              t - ring of see invisible

@: no status effects
A: antennae 2, thin skeletal structure 2, foul stench 1, rot immunity
a: Minor Destruction, Renounce Religion


You were on level 6 of the Dungeon.
You worshipped Makhleb.
Makhleb was pleased with you.
You were not hungry.

You visited 2 branches of the dungeon, and saw 7 of its levels.

You collected 437 gold pieces.

Inventory:

Hand Weapons
 a - a +1 war axe (weapon)
 b - a +0 hunting sling
Missiles
 k - 32 sling bullets
Armour
 c - a +1 shield (worn)
 g - a +0 scale mail (worn)
 m - a +0 cloak (worn)
Jewellery
 r - a +2 ring of strength (left hand)
 t - a ring of see invisible (right hand)
Wands
 n - a wand of enslavement (15)
Scrolls
 h - 3 scrolls of identify
 i - 4 scrolls of teleportation
 l - 2 scrolls of fear
 p - a scroll of enchant weapon
Potions
 e - 2 potions of haste
 j - 2 potions of mutation
 o - a potion of might
 q - a potion of curing
 s - a potion of heal wounds
 u - a potion of brilliance
Comestibles
 d - 3 chunks of flesh
 f - 8 rations


   Skills:
 + Level 6.1 Fighting
 * Level 7.2 Axes
 - Level 2.6 Armour
 + Level 5.5 Shields


You had 7 spell levels left.
You didn't know any spells.
Your spell library contained the following spells:

 Spells                   Type           Power        Failure   Level  Hunger
 Beastly Appendage        Tmut           #.....       98%         1    ##.....
 Sticks to Snakes         Tmut           #.......     99%         2    ###....
 Spider Form              Tmut/Pois      #.........   100%        3    ####...
 Ice Form                 Ice/Tmut       #.......     100%        4    #####..
 Blade Hands              Tmut           #.........   100%        5    ######.


Dungeon Overview and Level Annotations

Branches:
Dungeon (6/15)             Temple (1/1) D:6

Altars:
Cheibriados
Dithmenos
Fedhas
Gozag
Kikubaaqudgha
Makhleb
Nemelex Xobeh
Okawaru
Qazlal
Ru
Trog
Uskayaw
Vehumet
Wu Jian
Xom
Zin

Annotations:
D:4 Menkaure


Innate Abilities, Weirdness & Mutations

You have a pair of antennae on your head.
You have a moderately thin skeletal structure. (Dex +4, Stealth+)
You may emit foul miasma when damaged in melee.
You are immune to rotting.


Message History

r - Retreat! s - Stop attacking. g - Guard the area. f - Follow me.
Anything else - Cancel.
Okay, then.
The electric eel shoots out a bolt of lightning at you!
The bolt of electricity hits you!
The electric eel shoots out a bolt of lightning at you!
The bolt of electricity hits you! x2
The bolt of electricity hits the electric eel.
The electric eel completely resists.
The electric eel shoots out a bolt of lightning at you!
The bolt of electricity hits you! x2
* * * LOW HITPOINT WARNING * * *
The bolt of electricity hits the electric eel.
The electric eel completely resists.
You slash the electric eel!
The electric eel is heavily wounded.
The electric eel shoots out a bolt of lightning at you!
The bolt of electricity hits you!
You die...

#.##.####.# #.##.# #.#
#.##.####.# #.##.#.##.#
# #######.##.#.##.### #
#..........#......##
#########......##.#..##
.÷................!...#
................@.....#
.≈≈≈≈≈≈≈....≈≈≈.;...≈≈#
≈≈≈≈≈≈≈≈≈≈≈≈≈≈≈≈≈≈≈≈≈≈#
≈≈≈≈≈≈≈≈≈≈≈≈≈≈≈≈≈≈≈≈≈≈#
≈≈≈≈≈≈≈≈≈≈#####≈≈≈≈≈≈≈#
###########...#≈≈≈≈≈≈≈#
# ##......#...#≈≈≈≈≈≈≈#
###.......#)).#≈≈≈≈≈≈≈#
.#........##'##{


You could see an electric eel.

Vanquished Creatures
  A sky beast (D:6)
  An ogre (D:5)
  2 bullfrogs (D:6)
  2 big kobolds (D:6)
  A wyvern zombie (D:5)
  A howler monkey (Temple)
  An electric eel (D:6)
  3 crimson imps (D:6)
  A jelly (D:6)
  A hound (D:5)
  A bullfrog skeleton (D:6)
  5 orc priests
  5 orc wizards
  An iguana (D:6)
  A hound zombie (D:6)
  A hound skeleton (D:5)
  A howler monkey zombie (D:6)
  12 gnolls (D:6)
  5 adders
  A shadow imp (D:6)
  3 oozes
  An adder zombie (D:5)
  An adder skeleton (D:5)
  10 worms
  3 dart slugs (D:1)
  5 leopard geckos
  24 orcs
  3 giant cockroaches
  22 goblins
  30 hobgoblins
  15 jackals
  2 kobolds (D:2)
  A quokka (D:6)
  10 bats
  4 frilled lizards
  10 rats
191 creatures vanquished.

Vanquished Creatures (others)
  An orc wizard (D:5)
  5 toadstools (D:2)
6 creatures vanquished.

Grand Total: 197 creatures vanquished

Notes
Turn   | Place    | Note
-------+----------+-------------------------------------------
     0 | D:1      | Garbasso the Demonspawn Fighter began the quest for the
                  | Orb.
     0 | D:1      | Reached XP level 1. HP: 18/18 MP: 1/1
    68 | D:1      | Reached skill level 2 in Axes
    72 | D:1      | Gained mutation: You have a somewhat thin skeletal
                  | structure. (Dex +2, Stealth) [demonic ancestry]
    72 | D:1      | Reached XP level 2. HP: 20/24 MP: 2/2
   587 | D:1      | Gained mutation: You are immune to rotting. [demonic
                  | ancestry]
   587 | D:1      | Reached XP level 3. HP: 29/29 MP: 3/3
  1065 | D:2      | Found a snail-covered altar of Cheibriados.
  1314 | D:2      | Reached skill level 3 in Axes
  1411 | D:2      | Gained mutation: You have a pair of small antennae on your
                  | head. [demonic ancestry]
  1411 | D:2      | Reached XP level 4. HP: 35/35 MP: 4/4
  2946 | D:4      | Noticed Menkaure
  3198 | D:4      | Gained mutation: You have a pair of antennae on your head.
                  | [demonic ancestry]
  3198 | D:4      | Reached XP level 5. HP: 38/42 MP: 5/5
  3406 | D:4      | Reached skill level 4 in Axes
  3780 | D:5      | Entered Level 5 of the Dungeon
  3892 | D:5      | Noticed a moth of wrath
  3895 | D:5      | Found a bloodstained altar of Trog.
  4062 | D:5      | Gained mutation: You have a moderately thin skeletal
                  | structure. (Dex +4, Stealth+) [demonic ancestry]
  4062 | D:5      | Reached XP level 6. HP: 25/48 MP: 6/6
  4476 | D:5      | Reached skill level 5 in Axes
  5119 | D:5      | Reached XP level 7. HP: 18/55 MP: 7/7
  5680 | D:6      | Found a staircase to the Ecumenical Temple.
  5685 | Temple   | Entered the Ecumenical Temple
  5743 | Temple   | Became a worshipper of Makhleb the Destroyer
  5771 | D:6      | Reached skill level 5 in Fighting
  6171 | D:6      | Reached skill level 6 in Axes
  6813 | D:6      | HP: 1/56 [electric eel/bolt of electricity (14)]
  7032 | D:6      | Gained mutation: You may emit foul miasma when damaged in
                  | melee. [demonic ancestry]
  7032 | D:6      | Reached XP level 8. HP: 59/63 MP: 8/8
  7055 | D:6      | Reached skill level 5 in Shields
  7320 | D:6      | Reached * piety under Makhleb
  7690 | D:6      | Reached ** piety under Makhleb
  7730 | D:6      | Reached skill level 7 in Axes
  8110 | D:6      | Killed from afar by an electric eel

Vault maps used:
D:1:      evilmike_arrival_run_for_it
D:2:      lemuel_doored_altar, serial_forest, infiniplex_forest_straight_3,
          infiniplex_forest_corner_1, infiniplex_forest_clump_C,
          infiniplex_forest_end_double, infiniplex_forest_lined_3_way,
          infiniplex_forest_lined_room_3, minmay_gold_behind_fungi,
          grunt_decor_arrowhead, serial_park_tiny_1, minivault_14,
          serial_bayou_pond_a, chequers_serial_rivers_marsh, serial_bayou_pond_c
D:3:      kennysheep_big_flooded_room, corexii_shack
D:4:      lemuel_crystal_altar, first_ration, item_on_display_a, uniq_menkaure
D:5:      tgw_trog
D:6:      minmay_goblin_kobold_castle, nicolae_overflow_crystal_walls,
          amethyst_overflow_temple_binary, minivault_25,
          okawaru_altar_gauntlet_db
Temple:   eino_temple_water

Skill      XL: |  1  2  3  4  5  6  7  8 |
---------------+-------------------------+-----
Axes           | 2 3 4 5 6 7 |  7.2
Shields        | 3 4 5 |  5.5
Fighting       | 4 5 6 |  6.1
Armour         | |  2.6

Action                   |  1- 3 |  4- 6 |  7- 9 || total
-------------------------+-------+-------+-------++-------
Melee: War axe           |    89 |   191 |   246 ||   526
 Fire: Hunting sling     |    12 |    42 |     3 ||    57
Evoke: Wand              |       |     4 |       ||     4
  Use: Scroll            |       |    14 |       ||    14
       Potion            |       |     2 |     2 ||     4
 Stab: Distracted        |       |       |     1 ||     1
       Sleeping          |       |       |     1 ||     1
  Eat: Chunk             |     2 |     8 |     7 ||    17
       Ration            |       |     1 |     1 ||     2
Armor: Scale mail        |    45 |    74 |    91 ||   210
Dodge: Dodged            |    23 |    59 |    85 ||   167
Block: Shield            |    57 |    86 |   120 ||   263

Table legend:
 A = Non-vault XP
 B = Vault XP
 C = Vault XP percentage of total XP
 D = Non-vault monster count
 E = Vault monster count
 F = Vault count percentage of total count
                 A         B        C        D         E       F
            +---------+---------+-------+---------+---------+-------
      Total |    1746 |     461 |  20.9 |     128 |      64 |  33.3
            +---------+---------+-------+---------+---------+-------
        D:1 |      44 |       5 |  10.2 |      16 |       1 |   5.9
        D:2 |      60 |       0 |   0.0 |      22 |       0 |   0.0
        D:3 |      51 |       7 |  12.1 |      18 |       3 |  14.3
        D:4 |     128 |       0 |   0.0 |      15 |       0 |   0.0
        D:5 |     504 |       9 |   1.8 |      22 |       5 |  18.5
        D:6 |     899 |     440 |  32.9 |      33 |      55 |  62.5
     Temple |      60 |       0 |   0.0 |       2 |       0 |   0.0
            +---------+---------+-------+---------+---------+-------
